 Dungeon Crawl Stone Soup version 0.28.0-47-ge53b351184 (webtiles) character file.

Game seed: 3846969836744096714

79 pkoi the Conjurer (level 3, 0/26 HPs)
             Began as a Demigod Conjurer on Apr 27, 2022.
             Succumbed to a gnoll's poison
             ... on level 2 of the Dungeon.
             The game lasted 00:01:52 (2232 turns).

pkoi the Conjurer (Demigod Conjurer)                Turns: 2232, Time: 00:01:52

Health: 0/26       AC:  4    Str:  8    XL:     3   Next: 97%
Magic:  2/8        EV: 12    Int: 24    God:
Gold:   10         SH:  0    Dex: 12    Spells: 2/5 levels left

rFire   . . .      SeeInvis .   e - +0 short sword
rCold   . . .      Faith    .   (no shield)
rNeg    . . .      Spirit   .   a - +0 robe
rPois   .          Reflect  .   (no helmet)
rElec   .          Harm     .   (no cloak)
rCorr   .          Rampage  .   f - +1 pair of gloves
Will    .....                   (no boots)
Stlth   ++........              (no amulet)
HPRegen 0.08/turn               (no ring)
MPRegen 0.11/turn               (no ring)

@: lethally poisoned (0 -> -19)
A: high MP 1, forlorn, divine attributes
a: no special abilities


You were on level 2 of the Dungeon.
You visited 1 branch of the dungeon, and saw 2 of its levels.

You collected 10 gold pieces.

Inventory:

Hand Weapons
 e - a +0 short sword (weapon)
Armour
 a - a +0 robe (worn)
 f - a +1 pair of gloves (worn)
Scrolls
 h - 2 scrolls of identify
Potions
 b - a potion of might


   Skills:
 - Level 1.7 Dodging
 - Level 1.7 Stealth
 - Level 1.7 Spellcasting
 + Level 5.2 Conjurations


You had 2 spell levels left.
You knew the following spells:

 Your Spells              Type           Power      Damage    Failure   Level
a - Magic Dart            Conj           100%       1d8       1%          1
b - Searing Ray           Conj           54%        2d6       2%          2

Your spell library contained the following spells:

 Spells                   Type           Power      Damage    Failure   Level
 Dazzling Flash           Conj/Hex       28%        N/A       13%         3
 Fulminant Prism          Conj/Hex       7%         3d7       38%         4
 Iskenderun's Mystic Bla  Conj/Tloc      14%        2d5       38%         4


Dungeon Overview and Level Annotations

Branches:
Dungeon (2/15)


Innate Abilities, Weirdness & Mutations

You have an increased reservoir of magic. (+10% MP)
You shall have no god before yourself.
Your divine heritage dramatically boosts your attributes as you level up.


Message History

The gnoll is severely wounded.
The searing ray hits the gnoll!
The gnoll is heavily wounded. (Press . to maintain the ray.)
The searing ray misses the gnoll.
The searing ray hits the gnoll!
You kill the gnoll!
The gnoll hits you from afar with a +0 spear of venom.
* * * LOW HITPOINT WARNING * * *
You are lethally poisoned!
The searing ray hits the gnoll.
The gnoll is severely wounded.
* * * LOW HITPOINT WARNING * * *
You feel very sick. The gnoll closely misses you.
Unknown command.
The searing ray hits the gnoll.
The gnoll is severely wounded.
You finish channelling your searing ray.
* * * LOW HITPOINT WARNING * * *
You feel very sick.
The gnoll hits you from afar with a +0 spear of venom.
* * * LOW HITPOINT WARNING * * *
You are more poisoned.
You feel much better.
You feel very sick.
The gnoll hits you from afar with a +0 spear of venom!
* * * LOW HITPOINT WARNING * * *
You are lethally poisoned!
Aiming: Magic Dart (safe; 1% risk of failure)
Press: ? - help, Q - select action, (/) - cycle Shift-Dir - straight line, f/p - gnoll
Aim: a gnoll, wielding a +0 spear of venom (severely wounded, 100% to hit)
The magic dart hits the gnoll.
You kill the gnoll!
* * * LOW HITPOINT WARNING * * *
You feel very sick.
Okay, then.
Okay, then.
* * * LOW HITPOINT WARNING * * *
You feel very sick.
You die...

....#####.....#.......#
.#..##........##.....##
.#..#...#.....##.#.#.#
..............##.#...#
....#...########.##g.#
....##.## #.....#
#.############ ####.##
#.#......#...######.#
....####.#.#....@)..#
.#.)......>..########
....####.#####
...).....# ...#######
.....# .....# .....#
...#.#


There were no monsters in sight!

Vanquished Creatures
  2 gnolls (D:2)
  A howler monkey skeleton (D:2)
  2 adders (D:2)
  A dart slug (D:2)
  2 endoplasms (D:1)
  A giant cockroach (D:1)
  4 goblins
  2 hobgoblins (D:2)
  6 kobolds
  2 quokkas
  4 ball pythons
  A frilled lizard (D:1)
  4 rats
  A spectral hobgoblin (D:2)
33 creatures vanquished.

Notes
Turn   | Place    | Note
-------+----------+-------------------------------------------
     0 | D:1      | pkoi the Demigod Conjurer began the quest for the Orb.
     0 | D:1      | Reached XP level 1. HP: 14/14 MP: 5/5
   353 | D:1      | Reached skill level 4 in Conjurations
   655 | D:1      | Reached XP level 2. HP: 20/20 MP: 4/7
  1653 | D:2      | Learned a level 2 spell: Searing Ray
  1717 | D:2      | Reached XP level 3. HP: 26/26 MP: 6/8
  1946 | D:2      | Reached skill level 5 in Conjurations
  2232 | D:2      | Succumbed to a gnoll's poison

Illustrated notes

Levels and vault maps discovered:
D:1:      dpeg_arrival_shrine, layout_loops_ring
D:2:      layout_loops_cross, dreamdust_ecumenical_altar_drowned_temple,
          minivault_14, amcnicky_mini_corridor_feature

Skill      XL: |  1  2  3 |
---------------+----------+-----
Conjurations   | 4 5 |  5.2
Dodging        | |  1.7
Stealth        | |  1.7
Spellcasting   | |  1.7

Action                   || total
-------------------------++-------
Melee: Short sword       ||    10
 Cast: Magic Dart        ||    69
       Searing Ray       ||     1
  Use: Scroll            ||     6
       Potion            ||     1
Armor: Robe              ||     2
Dodge: Dodged            ||    12
